AoeStats
← Toka

Arena

510220495Analyzed
4v4 RM · 2d ago on Sep 30, 2026· 48m 46s· 8 players
Game mode
Random Map
Map size
Large (8 player)
Population
200
Speed
Normal
Resources
Standard
Victory
Conquest
Starting age
Dark Age
Ending age
Imperial Age
RankedLock teamsTeams togetherTeam positionsShared explorationLock speedFull tech treeHidden civsTurbo modeCheats
Victory
Defeat
🇧🇾 Hindustanis · Belarus
957
+15
🇨🇱 Burmese · Chile
932
+16
🇧🇷 Tupi · Brazil
922
+17
🇦🇷 Romans · Argentina
915
+17
🇺🇸 Wu · United States
968
-17
🇺🇸 Mongols · United States
966
-17
🇪🇨 Romans · Ecuador
943
-17
🇹🇷 Slavs · Türkiye
870
-14
Manzur1995
10:54 Feudal Age
12:41 Wheelbarrow
16:57 Castle Age
15:39 Forging
15:49 Double-Bit Axe
17:34 Bloodlines
19:07 Husbandry
19:34 Light Cavalry
19:41 Man-at-Arms
19:51 Pikeman
20:33 Loom
34:07 Bow Saw
36:18 Gold Mining
38:29 Hand Cart
45:02 Imperial Age
44:40 Ballistas
45:28 Ballistics
45:34 Heavy Scorpion
golgi
11:12 Feudal Age
17:40 Castle Age
16:22 Double-Bit Axe
16:21 Horse Collar
17:24 Gold Mining
18:05 Scale Barding Armor
18:37 Forging
24:27 Detinets
26:54 Wheelbarrow
27:12 Fletching
27:23 Padded Archer Armor
27:52 Murder Holes
28:11 Loom
32:35 Ballistics
32:12 Town Watch
32:42 Hand Cart
38:04 Imperial Age
37:54 Husbandry
38:04 Bloodlines
38:10 Cavalier
40:40 Elite Boyar
Surfer's Gambit
0:27 Loom
11:40 Feudal Age
12:10 Double-Bit Axe
12:06 Horse Collar
12:19 Gold Mining
13:46 Wheelbarrow
12:57 Town Watch
17:57 Castle Age
16:32 Scale Mail Armor
17:51 Forging
19:07 Bow Saw
18:58 Heavy Plow
18:53 Stone Mining
22:10 Squires
23:45 Hand Cart
24:11 Chain Mail Armor
26:19 Gold Shaft Mining
26:23 Stone Shaft Mining
27:49 Iron Casting
27:03 Arson
27:42 Fletching
32:27 Imperial Age
30:03 Bodkin Arrow
30:58 Red Cliffs Tactics
31:45 Pikeman
34:55 Halberdier
35:58 Elite Fire Archer
36:59 Conscription
38:34 Two-Man Saw
41:10 Plate Mail Armor
40:44 Padded Archer Armor
42:53 Bracer
43:08 Leather Archer Armor
43:54 Blast Furnace
45:56 Ballistics
46:47 Chemistry
Luncheon
3:06 Loom
9:52 Feudal Age
12:47 Wheelbarrow
15:15 Castle Age
14:17 Double-Bit Axe
15:12 Horse Collar
23:21 Stone Mining
23:38 Heavy Plow
28:12 Wheelbarrow
28:23 Bow Saw
30:08 Stone Shaft Mining
31:29 Hand Cart
32:04 Fletching
32:15 Padded Archer Armor
32:21 Scale Barding Armor
32:30 Forging
37:16 Imperial Age
38:18 Chain Barding Armor
38:34 Iron Casting
37:56 Bodkin Arrow
37:40 Onager
39:19 Bloodlines
39:11 Husbandry
38:34 Light Cavalry
43:28 Blast Furnace
43:19 Drill
43:26 Hussar
47:13 Bracer
46:43 Elite Mangudai
Calcetin
10:25 Feudal Age
14:38 Castle Age
13:20 Gold Mining
16:08 Redemption
16:22 Sanctity
24:36 Loom
25:27 Wheelbarrow
27:29 Horse Collar
33:12 Imperial Age
34:32 Pikeman
34:58 Gambesons
37:52 Forging
37:43 Scale Mail Armor
38:25 Halberdier
39:24 Heavy Plow
41:17 Iron Casting
40:58 Chain Mail Armor
44:27 Crop Rotation
45:01 Blast Furnace
44:32 Plate Mail Armor
GerAoe
9:37 Feudal Age
11:57 Loom
15:26 Castle Age
13:18 Double-Bit Axe
16:12 Forging
18:44 Pikeman
32:28 Imperial Age
32:15 Ballistics
35:01 Chemistry
36:17 Iron Casting
35:43 Scale Mail Armor
35:42 Heavy Scorpion
37:24 Halberdier
39:08 Ballistas
39:40 Chain Mail Armor
43:22 Bow Saw
43:07 Gold Mining
44:19 Blast Furnace
46:35 Wheelbarrow
47:40 Siege Engineers
Toka
7:44 Loom
11:34 Loom
13:20 Feudal Age
12:24 Loom
15:37 Loom
18:29 Castle Age
16:34 Fletching
19:30 Horse Collar
19:39 Double-Bit Axe
23:47 Gold Mining
24:15 Bow Saw
25:02 Stone Mining
25:16 Heavy Plow
25:23 Bodkin Arrow
26:20 Padded Archer Armor
27:07 Ballistics
26:45 Murder Holes
28:32 Wheelbarrow
27:42 Town Watch
28:42 Gold Shaft Mining
29:05 Leather Archer Armor
29:40 Treadmill Crane
29:53 Guard Tower
33:44 Imperial Age
36:51 Chemistry
37:46 Elite Blackwood Archer
38:52 Bracer
41:11 Ring Archer Armor
42:09 Two-Man Saw
41:37 Curare
41:54 Conscription
43:32 Scale Mail Armor
45:45 Crossbowman
48:08 Arbalester
Unfi
5:56 Loom
9:26 Feudal Age
9:53 Double-Bit Axe
9:50 Horse Collar
15:44 Castle Age
16:29 Heavy Plow
16:40 Bow Saw
19:01 Gold Mining
26:15 Imperial Age
24:34 Stone Mining
25:44 Wheelbarrow
25:55 Town Watch
27:58 Chemistry
30:30 Hand Cart
31:36 Ballistics
31:59 Padded Archer Armor
32:57 Elite Skirmisher
34:01 Thumb Ring
34:05 Shatagni
34:18 Fletching
34:44 Leather Archer Armor
36:55 Sanctity
37:45 Caravan
39:11 Bodkin Arrow
39:46 Ring Archer Armor
42:57 Bodkin Arrow
43:35 Murder Holes
43:47 Siege Engineers
44:55 Gold Shaft Mining
44:56 Stone Shaft Mining
44:03 Elite Ghulam
44:45 Grand Trunk Road
46:45 Two-Man Saw
45:49 Arson
46:04 Squires
47:34 Forging
47:24 Scale Mail Armor
47:25 Bracer
47:57 Fortified Wall
47:59 Masonry
Connection lost

Rejoining the realm…

Still unreachable

The connection could not be restored.

Session expired

The server has moved on; the page needs a fresh start.